 Dungeon Crawl Stone Soup version 0.29-a0-613-gf2c431b9b9 (webtiles) character file.

Game seed: 13186327565961604176

2 Vylera the Skirmisher (level 1, 0/21 HPs)
             Began as a Djinni Wanderer on June 17, 2022.
             Slain by a bat (1 damage)
             ... on level 1 of the Dungeon.
             The game lasted 00:00:35 (52 turns).

Vylera the Skirmisher (Djinni Wanderer)               Turns: 52, Time: 00:00:35

Health: 0/21       AC:  3    Str: 13    XL:     1   Next: 33%
Gold:   0          EV: 11    Int: 12    God:
                   SH:  0    Dex: 11

rFire   + + .      SeeInvis .   a - +0 dagger
rCold   x . .      Faith    .   (no shield)
rNeg    . . .      Spirit   .   e - +0 leather armour
rPois   ∞          Reflect  .   (no helmet)
rElec   .          Harm     .   (no cloak)
rCorr   .          Rampage  .   (no gloves)
Will    .....                   (boots unavailable)
Stlth   +.........              (no amulet)
HPRegen 0.07/turn               (no ring)
MPRegen 0.00/turn               (no ring)

@: flying
A: sickness immunity, fire resistance 2, cold vulnerability 1, float, innate
caster, HP casting, extra vitality 1
a: no special abilities


You were on level 1 of the Dungeon.
You visited 1 branch of the dungeon, and saw 1 of its levels.

Inventory:

Hand Weapons
 a - a +0 dagger (weapon)
Missiles
 b - 8 boomerangs (quivered)
Armour
 e - a +0 leather armour (worn)
Scrolls
 c - a scroll of vulnerability
 f - a scroll of immolation {unknown}
Potions
 d - a potion of might


   Skills:
 - Level 4.0 Fighting
 - Level 1.0 Throwing
 - Level 1.0 Armour
 - Level 1.1 Dodging
 * Level 1.7 Spellcasting


You couldn't memorise any spells.
You knew the following spells:

 Your Spells              Type           Power      Damage    Failure   Level
a - Slow                  Hex            20%        N/A       17%         1
b - Ensorcelled Hibernat  Hex/Ice        10%        N/A       26%         2
c - Confusing Touch       Hex            5%         N/A       45%         3

Your spell library contained the following spells:

 Spells                   Type           Power      Damage    Failure   Level


Dungeon Overview and Level Annotations

Branches:
Dungeon (1/15)

Altars:


Innate Abilities, Weirdness & Mutations

You are immune to sickness and miasma.
You are immune to poison.
Your flesh is very heat resistant. (rF++)
You are vulnerable to cold. (rC-)
You float through the air rather than walking.
You learn spells naturally, not from books.
Your magical power is your life essence.
You have superior vitality. (+4 MHP)


Message History

A kobold comes into view. It is wielding a +0 whip.
The bat hits you.
The kobold shouts!
The bat hits you but does no damage.
You hit the kobold but do no damage. The bat hits you.
The kobold barely misses you.
You barely miss the kobold. The bat hits you but does no damage.
The kobold barely misses you.
You barely miss the kobold. The bat closely misses you.
The kobold hits you but does no damage.
You hit the kobold.
The kobold is severely wounded.
The bat closely misses you. The kobold hits you with a +0 whip.
You closely miss the kobold.
The kobold is heavily wounded.
The bat hits you but does no damage. The kobold hits you with a +0 whip.
You closely miss the kobold.
The kobold is heavily wounded.
The bat hits you but does no damage. The kobold hits you with a +0 whip.
You hit the kobold but do no damage.
The kobold is heavily wounded.
The bat hits you but does no damage. The kobold hits you with a +0 whip.
You hit the bat but do no damage.
The bat is heavily wounded.
The bat closely misses you. The bat misses you. The kobold closely misses you.
You barely miss the kobold.
The kobold is heavily wounded.
The bat closely misses you. The kobold hits you with a +0 whip.
* * * LOW HITPOINT WARNING * * *
You hit the kobold.
The kobold is severely wounded.
The bat closely misses you. The kobold hits you with a +0 whip.
* * * LOW HITPOINT WARNING * * *
You hit the kobold.
You kill the kobold!
The bat closely misses you.
You closely miss the bat.
The bat is heavily wounded.
The bat hits you.
You die...

.....# .....#
..## .≈.≈.#
.... ###≈≈≈♣P#
...# #...≈≈≈..
#..## #........
#..# #).......
#.####.......#
#....@b...####
####..######.#
#.....# #
.....###.# .###
#.#####.#
#.......#
#######..######
.........#
########.###


You could see a bat.

Vanquished Creatures
  A kobold (D:1)
  A rat (D:1)
2 creatures vanquished.

Notes
Turn   | Place    | Note
-------+----------+-------------------------------------------
     0 | D:1      | Vylera the Djinni Wanderer began the quest for the Orb.
     0 | D:1      | Vylera set off with the following items: a +0 dagger, 8
                  | boomerangs, a scroll of vulnerability, a potion of might, a
                  | +0 leather armourthe following spells memorised: Slow,
                  | Ensorcelled Hibernation, Confusing Touch.
     0 | D:1      | Reached XP level 1. HP: 21/21 MP: 0/0
    49 | D:1      | HP: 1/21 [kobold/+0 whip (3)]
    52 | D:1      | Slain by a bat

Illustrated notes

Levels and vault maps discovered:
D:1:      dpeg_arrival_tiny_k, layout_rooms,
          hellmonk_ecumenical_altar_dog_temple, serial_bayou,
          serial_bayou_pond_a, serial_bayou_pond_e, serial_bayou_pond_b,
          serial_bayou_lagoon_b, nrook_loot_triangle

Action                   || total
-------------------------++-------
Melee: Dagger            ||    15
Armor: Leather armour    ||    10
Dodge: Dodged            ||    12

Table legend: (Time is in decaauts)
 A = Elapsed time spent in this place.
 B = Non-inter-level travel time spent in this place.
 C = Inter-level travel time spent in this place.
 D = Time resting spent in this place.
 E = Time spent auto-exploring this place.
 F = Levels seen in this place.
 G = Mean time per level.
                   A        B        C        D        E       F      G
               +--------+--------+--------+--------+--------+-----+--------+
         Total |     52 |     52 |      0 |      0 |     23 |   1 |   52.0 |
       Dungeon |     52 |     52 |      0 |      0 |     23 |   1 |   52.0 |
               +--------+--------+--------+--------+--------+-----+--------+

Top non-repeatable levels by time:
     D:1: 52 daAuts
